 Dungeon Crawl Stone Soup version 0.30-b1-2-g02819fbbbe (webtiles) character file.

Game seed: 5379868058993696982

61786 LLlMATKO the Fighter (level 14, -2/133 HPs)
             Began as a Minotaur Berserker on June 3, 2023.
             Was a High Priest of Trog.
             Killed from afar by a lindwurm (6 damage)
             ... with a blast of flame
             ... summoned by Kirke
             ... while petrified by a catoblepas
             ... on level 5 of the Lair of Beasts.
             The game lasted 00:18:12 (14788 turns).

LLlMATKO the Fighter (Minotaur Berserker)          Turns: 14788, Time: 00:18:13

Health: -2/133     AC:  0    Str: 25    XL:     14   Next: 61%
Magic:  13/13      EV:  3    Int:  4    God:    Trog [*****.]
Gold:   1008       SH:  0    Dex: 12    Spells: 13/13 levels left

rFire   . . .        U - melded +1 broad axe (heavy)
rCold   . . .        V - melded +5 Storm Queen's Shield {shock, Fly rElec}
rNeg    + + +        N - melded +0 plate armour of Otiqyinweack {rElec Str-5 Int+3 Dex+6}
rPois   ∞            r - melded +2 hat
rElec   .            v - melded +1 cloak {rPois}
rCorr   .            b - melded +0 pair of gloves
SInv    .            L - melded +0 pair of boots
Will    +....        R - amulet of regeneration
Stlth   +            y - melded +6 ring of dexterity
HPRegen 1.22/turn    M - melded +6 ring of dexterity
MPRegen 0.13/turn

%: no passive effects
@: pig-form, petrified, on berserk cooldown, slowed, very quick
A: fast, no casting, small, (horns 2), (retaliatory headbutt)
a: Renounce Religion, Berserk, Trog's Hand, Brothers in Arms


You were on level 5 of the Lair of Beasts.
You worshipped Trog.
Trog was extremely pleased with you.
You were a filthy swine.
You visited 2 branches of the dungeon, and saw 19 of its levels.

You collected 1484 gold pieces.
You spent 476 gold pieces at shops.

Inventory:

Hand Weapons
 U - a +1 heavy broad axe (melded)
Missiles
 a - 8 boomerangs
 c - 40 poisoned darts (quivered)
 E - 4 throwing nets
 F - 5 curare-tipped darts
 S - a boomerang of dispersal
 Z - 7 atropa-tipped darts
Armour
 b - a +0 pair of gloves (melded)
 r - a +2 hat (melded)
 v - a +1 cloak of poison resistance (melded)
 J - the +2 ring mail of Dogma {rElec Regen+ Str+3}
   (You found it on level 7 of the Dungeon)

   Str:       It affects your strength (+3).
   rElec:     It insulates you from electricity.
   Regen:     It increases your rate of health regeneration.
 L - a +0 pair of boots (melded)
 N - the +0 plate armour of Otiqyinweack (melded) {rElec Str-5 Int+3 Dex+6}
   (You bought it in a shop on level 5 of the Dungeon)

   Str:       It affects your strength (-5).
   Int:       It affects your intelligence (+3).
   Dex:       It affects your dexterity (+6).
   rElec:     It insulates you from electricity.
 V - the +5 Storm Queen's Shield (melded) {shock, Fly rElec}
   (You found it on level 11 of the Dungeon)

   Shock:     When it blocks an attack, it may electrocute the attacker.
   This works even against foes who are a short distance away.
   rElec:     It insulates you from electricity.
   Fly:       It grants you flight.
Jewellery
 q - a ring of resist corrosion
 y - a +6 ring of dexterity (melded)
 M - a +6 ring of dexterity (melded)
 R - an amulet of regeneration (around neck)
 T - a +5 ring of evasion
Wands
 B - a wand of light (8)
 C - a wand of digging (13)
 I - a wand of charming (14)
 Q - a wand of flame (15)
 W - a wand of polymorph (2)
Scrolls
 d - 2 scrolls of enchant armour {unknown}
 f - 8 scrolls of teleportation {unknown}
 g - 21 scrolls of identify {unknown}
 h - a scroll of acquirement {unknown}
 i - a scroll of torment {unknown}
 m - 6 scrolls of amnesia {unknown}
 n - 4 scrolls of noise {unknown}
 o - 5 scrolls of fear {unknown}
 t - 3 scrolls of vulnerability {unknown}
 w - 5 scrolls of poison {unknown}
 D - 3 scrolls of fog {unknown}
 H - a scroll of immolation {unknown}
 P - a scroll of magic mapping {unknown}
 X - 4 scrolls of blinking {unknown}
Potions
 e - 3 potions of lignification {unknown}
 j - 3 potions of heal wounds {unknown}
 k - a potion of magic {unknown}
 l - 3 potions of might
 p - 6 potions of curing {unknown}
 s - 2 potions of invisibility {unknown}
 u - 3 potions of flight {unknown}
 x - a potion of cancellation {unknown}
 z - 4 potions of brilliance {unknown}
 A - 4 potions of haste {unknown}
 G - 4 potions of attraction {unknown}
 K - a potion of degeneration {unknown}
 O - 3 potions of mutation {unknown}
 Y - a potion of berserk rage {unknown}


   Skills:
 + Level 14.9 Fighting
 + Level 14.8 Axes
 + Level 14.7 Armour
 + Level 13.4 Dodging
 + Level 12.1 Shields


You had 13 spell levels left.
You didn't know any spells.
Your spell library was empty.

Dungeon Overview and Level Annotations

Branches:
Dungeon (15/15)            Temple (0/1) D:6            Lair (3/5) D:11
  Swamp (0/4) Lair:2       Spider (0/4) Lair:2          Orc (0/2) D:10
 Vaults (0/5) D:14         Depths (0/4) D:15

Altars:
Dithmenos
Elyvilon
Gozag
Kikubaaqudgha
Makhleb
Qazlal
Ru
Xom
Zin

Shops:
D:5 [   D:7 (   D:10 (

Annotations:
Lair:5 Kirke


Innate Abilities, Weirdness & Mutations

You are a filthy swine.
You move quickly.
You are immune to poison.
Your equipment is almost entirely melded.
You are incapable of wielding weapons or throwing items.
You cannot cast spells.
((You have a pair of horns on your head.))
((You reflexively headbutt those who attack you in melee.))


Message History

You hear some strange, mumbled words.
You feel a momentary urge to oink.
The catoblepas breathes a plume of calcifying dust at you.
The blast of calcifying dust hits you!
The blast of calcifying dust hits the hog.
You hit something.
You are engulfed in calcifying dust.
Your limbs have turned to stone.
The hog is no longer petrified.
The hog is engulfed in calcifying dust.
The wyvern bites you. The lindwurm bites you! The lindwurm claws you.
The lindwurm barely misses you. Something hits you!
The catoblepas closely misses you. The hog bites you.
The hog is engulfed in calcifying dust.
The wyvern bites you!
You have turned to stone.
You are engulfed in calcifying dust.
You are no longer berserk.
You feel as though you will be slow longer.
The komodo dragon is no longer petrified.
The hog bites you! The wyvern bites you. The komodo dragon bites you!!
* * * LOW HITPOINT WARNING * * *
The lindwurm bites you!
* * * LOW HITPOINT WARNING * * *
The lindwurm claws you.
* * * LOW HITPOINT WARNING * * *
The lindwurm claws you.
* * * LOW HITPOINT WARNING * * *
The sphinx mumbles some strange words.
Something smites you!
* * * LOW HITPOINT WARNING * * *
The hog is engulfed in calcifying dust.
You hear some strange, mumbled words.
You feel a momentary urge to oink. The catoblepas gores you.
* * * LOW HITPOINT WARNING * * *
You are engulfed in calcifying dust.
The wyvern bites you!
* * * LOW HITPOINT WARNING * * *
The hog bites you.
* * * LOW HITPOINT WARNING * * *
The komodo dragon bites you.
* * * LOW HITPOINT WARNING * * *
The lindwurm breathes flames at you. The blast of flame hits you!
You die...

....#. .....
.8..# ....# .
....# ...+###
H...#
.....lY#{Y..#..
.....FlhhY.....
......klh......
...............
..........§....
...............
...............
...............
...............


You could see a sphinx (summoned), a catoblepas, a lindwurm (summoned, catching
breath), 2 komodo dragons, 2 yaks, a cane toad (petrified), 2 hogs and a wyvern.

Vanquished Creatures
  A very ugly thing (D:15)
  An entropy weaver (shapeshifter) (D:11)
  Harold (D:11)
  2 rakshasas
  An ogre mage (D:11)
  4 centaur warriors
  The ghost of sastreii the Fighter, a novice NaFi of Cheibriados (D:8)
  A boulder beetle (D:13)
  2 hydras
  A two-headed ogre (D:9)
  A death yak (Lair:3)
  A tengu warrior (D:13)
  Nergalle (Lair:2)
  Sonja (Lair:2)
  4 skeletal warriors (D:14)
  A glowing orange brain (D:15)
  A wizard (D:14)
  4 orc knights
  A bog body (Lair:2)
  4 lindwurms (D:12)
  Pikel (D:4)
  3 deep elf pyromancers
  2 orc sorcerers (D:15)
  6 manticores
  19 ugly things
  5 cyclopes
  6 elephants (Lair:3)
  A torpor snail (Lair:3)
  A black mamba (Lair:2)
  6 cane toads
  2 gargoyles
  2 rime drakes
  A kobold demonologist (D:12)
  A tengu conjurer (D:13)
  3 unseen horrors
  2 efreet
  2 komodo dragons
  A freezing wraith (D:12)
  4 yaktaurs (D:14)
  5 trolls
  A wolf spider simulacrum (D:14)
  Sigmund (D:4)
  12 slime creatures
  22 yaks
  2 shadows
  A wyvern (D:8)
  4 hogs (Lair:5)
  2 wraiths
  2 vampires
  3 basilisks
  Menkaure (D:4)
  10 vampire mosquitoes
  2 acid dragons
  5 water moccasins
  A floating eye (shapeshifter) (D:15)
  An ice beast (D:8)
  13 orc warriors
  A sky beast (D:6)
  A boggart (D:14)
  An ice beast (shapeshifter) (D:11)
  5 black bears
  2 ogres
  4 wolves (Lair:1)
  11 centaurs
  A wolf (shapeshifter) (D:11)
  2 phantoms
  3 kobold brigands
  9 bullfrogs
  2 gnoll sergeants
  2 scorpions (D:5)
  5 killer bees (D:10)
  3 howler monkeys
  A jelly (D:4)
  6 hounds
  8 orc priests
  A gnoll bouda (D:6)
  2 iguanas
  3 sleepcaps
  13 orc wizards
  13 gnolls
  7 adders
  4 white imps
  An ufetubus (D:5)
  2 worms
  3 dart slugs
  54 orcs
  8 ball pythons
  A bat skeleton (D:7)
  4 bat zombies (D:7)
  11 endoplasms
  3 giant cockroaches
  3 goblins
  10 hobgoblins
  3 jackals (D:4)
  3 quokkas
  4 bats
  3 frilled lizards
  21 kobolds
  6 rats
440 creatures vanquished.

Vanquished Creatures (collateral kills)
  The ghost of diceflayer the Slicer, a journeyman DsHu of Okawaru (D:13)
  A minotaur (D:13)
  2 centaur warriors (D:13)
  A troll (D:8)
  A redback simulacrum (D:13)
6 creatures vanquished.

Vanquished Creatures (others)
  An angel (D:6)
  A yak (Lair:5)
  50 plants
52 creatures vanquished.

Grand Total: 498 creatures vanquished

Notes
Turn   | Place    | Note
-------+----------+-------------------------------------------
     0 | D:1      | LLlMATKO the Minotaur Berserker began the quest for the
                  | Orb.
     0 | D:1      | Reached XP level 1. HP: 19/19 MP: 0/0
   146 | D:1      | Reached XP level 2. HP: 25/27 MP: 1/1
   696 | D:2      | Reached XP level 3. HP: 31/33 MP: 2/2
   713 | D:2      | Reached ** piety under Trog
   854 | D:2      | Found a glowing silver altar of Zin.
  1642 | D:3      | Reached XP level 4. HP: 41/41 MP: 3/3
  1642 | D:3      | Found a faded altar of an unknown god.
  1996 | D:3      | Reached XP level 5. HP: 47/47 MP: 4/4
  2043 | D:3      | Found a sacrificial altar of Ru.
  2043 | D:3      | Found a white marble altar of Elyvilon.
  2280 | D:4      | Noticed Pikel
  2280 | D:4      | Noticed a lemure
  2280 | D:4      | Noticed a lemure
  2280 | D:4      | Noticed a lemure
  2280 | D:4      | Noticed a lemure
  2289 | D:4      | Killed Pikel
  2290 | D:4      | Reached skill level 5 in Fighting
  2290 | D:4      | Reached skill level 5 in Axes
  2290 | D:4      | Reached skill level 5 in Armour
  2290 | D:4      | Reached XP level 6. HP: 57/57 MP: 5/5
  2290 | D:4      | Reached XP level 7. HP: 62/62 MP: 6/6
  2292 | D:4      | Reached *** piety under Trog
  2337 | D:4      | Noticed Sigmund
  2348 | D:4      | Killed Sigmund
  2435 | D:4      | Reached skill level 5 in Dodging
  2670 | D:4      | Noticed Menkaure
  2677 | D:4      | Killed Menkaure
  2787 | D:4      | Found a burning altar of Makhleb.
  2914 | D:4      | Reached XP level 8. HP: 59/71 MP: 7/7
  2981 | D:5      | Entered Level 5 of the Dungeon
  2981 | D:5      | Found Jeud Ebo's Antique Armour Boutique.
  3787 | D:6      | Reached XP level 9. HP: 80/81 MP: 8/8
  3814 | D:6      | Found a glowing silver altar of Zin.
  3815 | D:6      | Found a shimmering altar of Xom.
  3815 | D:6      | Noticed an angel
  3820 | D:6      | Killed an angel
  3864 | D:6      | Found a staircase to the Ecumenical Temple.
  3959 | D:6      | Reached **** piety under Trog
  4782 | D:7      | You fall into a shaft and drop 1 floor!
  4938 | D:7      | Identified the +2 ring mail of Dogma {rElec Regen+ Str+3}
  5125 | D:7      | Found Zif Mafo's Antique Weapon Shoppe.
  5154 | D:7      | Found an ancient bone altar of Kikubaaqudgha.
  5537 | D:8      | Found a shadowy altar of Dithmenos.
  5670 | D:8      | Found a runed translucent gate.
  5670 | D:8      | Found a runed translucent gate.
  5670 | D:8      | Found a runed translucent gate.
  5673 | D:8      | Found an opulent altar of Gozag.
  5675 | D:8      | Noticed sastreii's ghost (novice NaFi)
  5675 | D:8      | Noticed a troll
  5946 | D:8      | Reached skill level 1 in Shields
  6243 | D:8      | Killed a troll
  6244 | D:8      | Reached XP level 10. HP: 91/91 MP: 9/9
  6247 | D:8      | Killed sastreii's ghost
  6354 | D:9      | Noticed a two-headed ogre
  6364 | D:9      | Killed a two-headed ogre
  6791 | D:9      | Reached skill level 10 in Fighting
  6959 | D:9      | Reached skill level 10 in Axes
  6975 | D:9      | Found a stormy altar of Qazlal.
  7198 | D:10     | Entered Level 10 of the Dungeon
  7353 | D:10     | Found an opulent altar of Gozag.
  7470 | D:10     | Found Numiv's Weapon Boutique.
  7599 | D:10     | Reached skill level 10 in Armour
  7632 | D:10     | Found a staircase to the Orcish Mines.
  7632 | D:10     | Noticed an orc knight
  7646 | D:11     | Noticed a manticore
  7653 | D:11     | Killed an orc knight
  7654 | D:11     | Reached skill level 5 in Shields
  7663 | D:10     | Reached XP level 11. HP: 62/101 MP: 10/10
  8102 | D:11     | Noticed Harold
  8109 | D:11     | Killed Harold
  8475 | D:11     | Reached ***** piety under Trog
  8718 | D:11     | Reached skill level 10 in Dodging
  8755 | D:11     | Noticed an entropy weaver
  8755 | D:11     | Found the +5 Storm Queen's Shield {shock, Fly rElec}
  8758 | D:11     | Identified the staff of fire "Boasas" {rF+ rCorr Str+2}
  8758 | D:11     | Noticed a centaur warrior
  8762 | D:11     | Killed an entropy weaver
  8762 | D:11     | Noticed an ogre mage
  8766 | D:11     | Killed a centaur warrior
  8771 | D:11     | Killed an ogre mage
  8904 | D:11     | Found a staircase to the Lair.
  9191 | D:12     | Reached XP level 12. HP: 109/112 MP: 11/11
 10120 | D:13     | Identified the +5 sling of Discomfort {flame, rElec rC-
                  | Int+5}
 10222 | D:13     | Found a runed translucent gate.
 10222 | D:13     | Found a runed translucent gate.
 10225 | D:13     | Noticed a centaur warrior
 10225 | D:13     | Noticed a centaur warrior
 10226 | D:13     | Found a runed translucent gate.
 10228 | D:13     | Noticed a minotaur
 10228 | D:13     | Noticed a tengu warrior
 10240 | D:13     | Killed a tengu warrior
 10241 | D:13     | Noticed diceflayer's ghost (journeyman DsHu)
 10261 | D:13     | Noticed a centaur warrior
 10269 | D:13     | Killed a centaur warrior
 10270 | D:13     | Reached XP level 13. HP: 122/122 MP: 12/12
 10811 | D:13     | Killed a minotaur
 10817 | D:13     | Killed diceflayer's ghost
 10818 | D:13     | Reached skill level 10 in Shields
 11592 | D:14     | Found a gate to the Vaults.
 11647 | D:15     | Entered Level 15 of the Dungeon
 11895 | D:15     | Reached XP level 14. HP: 127/132 MP: 13/13
 12089 | D:15     | Noticed a brown very ugly thing
 12097 | D:15     | Killed a purple very ugly thing
 12380 | D:15     | Found a staircase to the Depths.
 12931 | D:5      | Bought a crude plate armour for 476 gold pieces
 12931 | D:5      | Identified the +0 plate armour of Otiqyinweack {rElec Str-5
                  | Int+3 Dex+6} (You bought it in a shop on level 5 of the
                  | Dungeon)
 13044 | Lair:1   | Entered Level 1 of the Lair of Beasts
 14125 | Lair:2   | Found a hole to the Spider Nest.
 14161 | Lair:2   | Identified the +1 ring mail "Uredosus" {Harm Str+2}
 14240 | Lair:2   | Noticed Nergalle
 14248 | Lair:2   | Killed Nergalle
 14458 | Lair:2   | Noticed Sonja
 14462 | Lair:2   | Killed Sonja
 14551 | Lair:2   | Found a staircase to the Swamp.
 14761 | Lair:3   | Received a gift from Trog
 14767 | Lair:3   | You are sucked into a shaft and drop 2 floors!
 14767 | Lair:5   | Entered Level 5 of the Lair of Beasts
 14771 | Lair:5   | Noticed Kirke
 14773 | Lair:5   | Noticed a sphinx
 14788 | Lair:5   | HP: 6/133 [wyvern (7)]
 14788 | Lair:5   | Killed from afar by a lindwurm

Illustrated notes

Levels and vault maps discovered:
D:1:      onia_arrival_mini_spirals, layout_basic
D:2:      layout_basic, basic_altar, hangedman_decor_peaks_small
D:3:      layout_loops_ring, gammafunk_temple_overflow_pools,
          chequers_ecumenical_altar_simple
D:4:      layout_basic, general_overflow_altar, uniq_sigmund, uniq_pikel,
          uniq_menkaure
D:5:      layout_rooms, minmay_door_square, skrybe_limestone_x,
          nicolae_stop_n_shop_1, minmay_quadrilaterals
D:6:      layout_basic, grunt_temple_overflow_order_and_chaos_1,
          minmay_temple_entry_slanted
D:7:      layout_basic, kennysheep_vampire_church, serial_shops, shop,
          minivault_23, grunt_ministairs_11, nicolae_figureground_sparkle
D:8:      layout_loops_ring, grunt_dithmenos_smoke, ebering_ghost_gozag,
          grunt_decor_resistance, chequers_mini_garden
D:9:      layout_gridville, nicolae_qazlal_eye_of_the_storm,
          kennysheep_small_spiral, minivault_26
D:10:     layout_loops_ring, mainiacjoe_overflow_cross_hatched, david_orc_5,
          serial_shops, shop
D:11:     minmay_the_grid_triangle_9x9_rhombus_thin
          [minmay_the_grid_triangle_9x9_negative_grid,
          minmay_the_grid_triangle_9x9_prize_schism,
          minmay_the_grid_triangle_9x9_semitri,
          minmay_the_grid_triangle_9x9_corrupted_corridor], layout_loops_cross,
          david_lair_shrubbed, st_stairs_9, uniq_harold
D:12:     kennysheep_room_grid, layout_irregular_city, minmay_lindwurm_lava
D:13:     layout_loops_ring, maelrawn_ghost_gauntlet_escape
D:14:     layout_basic, hangedman_vaults_entry_quadrant_bands,
          corexii_corridor_pit
D:15:     gammafunk_enter_depths_forms, layout_loops_corners, minivault_25
Lair:1:   layout_hall_layers, serial_bayou_shore_a
Lair:2:   layout_hall_layers, skrybe_swamp_entry_bodies,
          spider_nest_entry_web_field, uniq_sonja, uniq_nergalle
Lair:3:   layout_cave_pods, grunt_forest_small_clearings, st_stairs_6,
          amcnicky_mini_pool_medium
Lair:5:   hellmonk_lair_end_abyssal_woods, layout_cave_shapes,
          minmay_lair_oklob_bushes, grunt_megastairs_3, uniq_kirke

Skill      XL: |  1  2  3  4  5  6  7  8  9 10 11 12 13 14 |
---------------+-------------------------------------------+-----
Fighting       | 4 5 6 8 9 10 11 13 14 | 14.9
Axes           | 4 5 6 8 9 10 11 12 14 | 14.8
Armour         | 3 5 6 7 9 10 11 12 13 14 | 14.7
Dodging        | 3 4 5 6 8 9 10 11 12 13 | 13.4
Shields        | 2 5 7 9 11 12 | 12.1

Action                     |  1- 3 |  4- 6 |  7- 9 | 10-12 | 13-15 || total
---------------------------+-------+-------+-------+-------+-------++-------
  Melee: Hand axe          |    95 |    36 |   106 |       |       ||   237
         Headbutt          |    13 |     7 |    59 |   131 |    86 ||   296
         War axe           |       |       |   144 |   141 |       ||   285
         Punch             |       |       |     2 |       |       ||     2
         Broad axe         |       |       |       |   285 |   317 ||   602
         Unarmed           |       |       |       |       |     3 ||     3
  Throw: Dart              |       |       |     1 |     2 |       ||     3
 Invoke: Berserk           |       |     2 |     7 |     7 |     7 ||    23
         Brothers in Arms  |       |       |     2 |       |     2 ||     4
         Trog's Hand       |       |       |     1 |     1 |     1 ||     3
    Use: Scroll            |       |       |       |     3 |     1 ||     4
 Armour: Animal skin       |     4 |       |       |       |       ||     4
         Scale mail        |    21 |    21 |   102 |       |       ||   144
         Ring mail         |       |       |    28 |    88 |    50 ||   166
         Chain mail        |       |       |     2 |       |       ||     2
         Plate armour      |       |       |       |       |    52 ||    52
  Dodge: Dodged            |    57 |    33 |   153 |   226 |   170 ||   639
  Block: Buckler           |       |       |     3 |    81 |       ||    84
         Kite shield       |       |       |       |   115 |   305 ||   420
